 Dungeon Crawl Stone Soup version 0.19.5 (webtiles) character file.

143 Kzard the Cudgeler (level 5, -12/46 HPs)
             Began as a Minotaur Berserker on May 15, 2017.
             Was a Believer of Trog.
             Killed by nerve-wracking pain
             ... invoked by an orc priest
              (14 damage)
             ... on level 4 of the Dungeon.
             The game lasted 00:09:14 (1676 turns).

Kzard the Cudgeler (Minotaur Berserker)             Turns: 1676, Time: 00:09:14

Health: -12/46     AC:  5    Str: 22    XL:     5   Next: 4%
Magic:  4/4        EV: 12    Int:  4    God:    Trog [**....]
Gold:   176        SH:  0    Dex: 10    Spells: 0 memorised, 4 levels left

rFire  . . .     SeeInvis .     a - +0 mace
rCold  . . .     Gourm    .     g - +0 ring mail
rNeg   . . .     Faith    .     (no shield)
rPois  .         Spirit   .     (helmet restricted)
rElec  .         Reflect  .     (no cloak)
rCorr  .         Harm     .     (no gloves)
MR     .....                    (no boots)
Stlth  ..........               (no amulet)
                                (no ring)
                                (no ring)

@: no status effects
A: retaliatory headbutt, horns 2
a: Berserk, Trog's Hand, Burn Spellbooks, Renounce Religion


You were on level 4 of the Dungeon.
You worshipped Trog.
Trog was pleased with you.
You were not hungry.

You visited 1 branch of the dungeon, and saw 4 of its levels.

You collected 176 gold pieces.

Inventory:

Hand Weapons
 a - a +0 mace (weapon)
 f - a +0 club
Missiles
 j - 73 stones
 m - 3 tomahawks (quivered)
Armour
 b - a +0 animal skin
 g - a +0 ring mail (worn)
 q - a +0 helmet
Scrolls
 d - 5 scrolls of remove curse {unknown}
 l - a scroll of enchant weapon {unknown}
 p - a scroll of fear {unknown}
 r - a scroll of random uselessness {unknown}
 w - a scroll of immolation {unknown}
Potions
 e - a potion of cancellation {unknown}
 h - a potion of curing {unknown}
 i - a potion of might {unknown}
 k - a potion of magic
 o - a potion of berserk rage {unknown}
 s - a potion of heal wounds {unknown}
 t - 2 potions of mutation {unknown}
 u - 2 potions of lignification {unknown}
Comestibles
 c - 5 bread rations
 n - a meat ration
 v - a chunk of flesh


   Skills:
 + Level 4.2 Fighting
 + Level 4.6 Maces & Flails
 + Level 2.4 Throwing
 + Level 3.2 Armour
 + Level 3.1 Dodging
 + Level 0.1 Stealth


You had 4 spell levels left.
You didn't know any spells.

Dungeon Overview and Level Annotations

Branches:
Dungeon (4/15)
 Temple: D:4-7

Altars:


Innate Abilities, Weirdness & Mutations

You reflexively headbutt those who attack you in melee.
You have a pair of horns on your head.


Message History

The orc priest hits you but does no damage.
The orc wizard hits you but does no damage.
You barely miss the orc priest.
The orc priest hits you but does no damage. x2
The orc wizard gestures at you while chanting.
The magic dart hits you!
* * * LOW HITPOINT WARNING * * *
You closely miss the orc wizard.
The orc wizard is lightly wounded.
The orc priest closely misses you. You furiously retaliate!
You headbutt the orc priest!
You kill the orc priest!
Trog accepts your kill.
You have reached level 5!
The orc priest misses you.
The orc wizard hits you but does no damage.
It was a potion of magic.
Magic courses through your body.
The orc priest mumbles some strange prayers to Beogh against you.
Pain shoots through your body!
You die...

...#### #. ..#
##.# # #. ..###
##..#### #. ... .
##....... ##. #.#
#.##.....### ..
#.# #.#.........
#. #.#
#.<......###
#.##.#####.....##
#
#o@).$........##
# ##o#.#####>####
. #.#.# #.# #
....# #.# #..###
#.# #..# #.. #..#
### #..#


You could see an orc priest and an orc wizard.

Vanquished Creatures
  An orc priest (D:4)
  4 gnolls (D:2)
  4 adders
  2 leopard geckos
  An orc (D:4)
  6 bats
  A giant cockroach (D:2)
  5 goblins
  3 hobgoblins
  2 jackals (D:1)
  3 kobolds
  A quokka (D:2)
  4 frilled lizards
  3 rats
40 creatures vanquished.

Notes
Turn   | Place    | Note
-------+----------+-------------------------------------------
     0 | D:1      | Kzard the Minotaur Berserker began the quest for the Orb.
     0 | D:1      | Reached XP level 1. HP: 19/19 MP: 0/0
   244 | D:1      | Reached XP level 2. HP: 25/27 MP: 1/1
   646 | D:2      | Reached XP level 3. HP: 29/33 MP: 2/2
   713 | D:2      | Reached skill level 1 in Throwing
   840 | D:2      | Reached XP level 4. HP: 21/40 MP: 3/3
   926 | D:2      | Reached ** piety under Trog
  1674 | D:4      | HP: 1/40 [orc wizard/magic dart (3)]
  1675 | D:4      | Reached XP level 5. HP: 2/46 MP: 4/4
  1676 | D:4      | Killed from afar by an orc priest

Skill      XL: |  1  2  3  4 |
---------------+-------------+-----
Maces & Flails | 4 |  4.6
Fighting       | 4 |  4.2
Throwing       | 1 2 |  2.4
Dodging        | 3 |  3.1
Armour         | 3 |  3.2
Stealth        | |  0.1

Action                   |  1- 3 |  4- 6 || total
-------------------------+-------+-------++-------
Melee: Mace              |    36 |    35 ||    71
       Headbutt          |     6 |     7 ||    13
Throw: Tomahawk          |    28 |     6 ||    34
       Stone             |    14 |     1 ||    15
  Use: Potion            |       |     1 ||     1
  Eat: Chunk             |       |     2 ||     2
Armor: Animal skin       |     5 |       ||     5
       Ring mail         |    15 |    16 ||    31
Dodge: Dodged            |    36 |    26 ||    62
